 Dungeon Crawl Stone Soup version 0.26-a0-812-g31a745ddcd (webtiles) character file.

Game seed: 1018215035888892204

618 kae the Conjurer (level 7, -2/45 HPs)
             Began as an Octopode Conjurer on Nov 24, 2020.
             Slain by a quokka (4 damage)
             ... on level 5 of the Dungeon.
             The game lasted 00:03:55 (6296 turns).

kae the Conjurer (Octopode Conjurer)                Turns: 6296, Time: 00:03:56

Health: -2/45      AC:  1    Str:  6    XL:     7   Next: 45%
Magic:  7/13       EV: 14    Int: 23    God:
Gold:   155        SH:  0    Dex: 10    Spells: 8/14 levels left

rFire    . . .     SeeInvis .   (no weapon)
rCold    . . .     Faith    .   (no shield)
rNeg     . . .     Spirit   .   (helmet restricted)
rPois    .         Reflect  .   (no amulet)
rElec    .         Harm     .   (no ring)
rCorr    .         Rampage  .   (no ring)
MR       .....                  (no ring)
Stlth    ++++......             (no ring)
HPRegen  0.15/turn              (no ring)
MPRegen  0.13/turn              (no ring)
                                (no ring)
                                (no ring)

@: mighty, slowed, very slow
A: almost no armour, stealthy swim, amphibious, 8 rings, constrict 8, camouflage
1, gelatinous body 1
a: no special abilities


You were on level 5 of the Dungeon.
You visited 1 branch of the dungeon, and saw 5 of its levels.

You collected 155 gold pieces.

Inventory:

Jewellery
 e - an uncursed amulet of guardian spirit {unknown}
Scrolls
 b - a scroll of teleportation
 c - a scroll of remove curse {unknown}
 d - 2 scrolls of identify {unknown}
 f - a scroll of enchant weapon {unknown}
Potions
 a - a potion of flight


   Skills:
 + Level 2.5 Fighting
 + Level 3.3 Dodging
 + Level 5.0 Stealth
 * Level 4.3 Spellcasting
 * Level 5.7 Conjurations


You had 8 spell levels left.
You knew the following spells:

 Your Spells              Type           Power        Failure   Level
a - Magic Dart            Conj           ####         1%          1
b - Searing Ray           Conj           ####..       1%          2
c - Dazzling Flash        Conj/Hex       ###...       10%         3

Your spell library contained the following spells:

 Spells                   Type           Power        Failure   Level
 Fulminant Prism          Conj/Hex       ###.......   30%         4
 Iskenderun's Mystic Bla  Conj/Tloc      ###.....     30%         4


Dungeon Overview and Level Annotations

Branches:
Dungeon (5/15)             Temple (0/1) D:4

Altars:
Cheibriados
Elyvilon
Makhleb
Nemelex Xobeh
Yredelemnul

Shops:
D:4 *

Annotations:
D:3 1 runed translucent door, bmj180's ghost, amateur HOFi
D:4 1 runed translucent door, exclusions: ogre and upstairs, MoonlitKnight's ghost, amateur HOFi


Innate Abilities, Weirdness & Mutations

You cannot wear most types of armour.
You are very stealthy in the water. (Stealth+)
You are amphibious.
You can wear up to eight rings at the same time.
You can use your tentacles to constrict eight enemies at once.
Your skin changes colour to match your surroundings (Stealth+).
Your rubbery body absorbs attacks. (AC +1, EV +1)


Message History

You closely miss the orc wizard. You grab the orc wizard.
The orc wizard is severely wounded.
You constrict the orc wizard, but do no damage.
The orc wizard hits you with a +0 dagger.
* * * LOW HITPOINT WARNING * * *
The quokka closely misses you. The orc barely misses you. The orc misses you.
The orc wizard hits you but does no damage.
The quokka barely misses you. The orc closely misses you.
The orc wizard closely misses you. The orc misses you.
You bludgeon the orc wizard!
You kill the orc wizard!
Your Stealth skill increases to level 5!
The quokka bites you.
* * * LOW HITPOINT WARNING * * *
The orc hits you with a +0 dagger.
* * * LOW HITPOINT WARNING * * *
The orc hits you from afar with a +0 trident.
* * * LOW HITPOINT WARNING * * *
The quokka bites you.
You die...

####################
#......#............
#......#............
#......#...........)
#.....<#...o)r......
#......#....@.o.#########
#......#........##......##
#......#.............>..)#
####.##..####.....##.......
#..#.##..#######'###......
#....'............##...##.# ##
#....#............##.<.##.####.
#....#.............'...........
#####..##.##.####...##...........


You could see 2 orcs and a quokka.

Vanquished Creatures
  Blork the orc (D:5)
  A scorpion (D:4)
  A bullfrog skeleton (D:5)
  An orc priest (D:4)
  3 orc wizards
  2 hounds (D:5)
  2 worker ants
  A worker ant zombie (D:5)
  4 gnolls (D:3)
  7 adders
  A shadow imp (D:5)
  An ooze (D:1)
  3 worms
  2 dart slugs (D:2)
  4 leopard geckos
  16 orcs
  A ball python (D:3)
  7 bats
  2 giant cockroaches
  6 goblins
  4 hobgoblins
  13 jackals
  9 kobolds
  2 quokkas
  15 frilled lizards
  A jackal skeleton (D:4)
  7 rats
117 creatures vanquished.

Vanquished Creatures (others)
  6 plants (D:1)
  3 withered plants
9 creatures vanquished.

Grand Total: 126 creatures vanquished

Notes
Turn   | Place    | Note
-------+----------+-------------------------------------------
     0 | D:1      | kae the Octopode Conjurer began the quest for the Orb.
     0 | D:1      | Reached XP level 1. HP: 11/11 MP: 3/3
   274 | D:1      | Reached XP level 2. HP: 17/17 MP: 1/5
   863 | D:1      | Reached XP level 3. HP: 22/22 MP: 2/6
  1684 | D:2      | Reached skill level 1 in Fighting
  2044 | D:2      | Reached XP level 4. HP: 16/28 MP: 2/8
  3400 | D:3      | Found a runed translucent door.
  3417 | D:3      | Found a basalt altar of Yredelemnul.
  3433 | D:3      | Reached XP level 5. HP: 29/33 MP: 3/9
  3594 | D:3      | Learned a level 2 spell: Searing Ray
  3598 | D:3      | Learned a level 3 spell: Dazzling Flash
  3664 | D:3      | Found a burning altar of Makhleb.
  3665 | D:3      | Noticed a green death
  3669 | D:3      | Noticed a smoke demon
  3669 | D:3      | Noticed a neqoxec
  3958 | D:3      | Reached skill level 5 in Conjurations
  3962 | D:3      | Reached XP level 6. HP: 39/39 MP: 4/11
  4231 | D:3      | Noticed bmj180's ghost (amateur HOFi)
  4608 | D:4      | Found Dengiele's Serpentskin Sales.
  4608 | D:4      | Noticed a water moccasin
  4608 | D:4      | Noticed a water moccasin
  4862 | D:4      | Found a staircase to the Ecumenical Temple.
  4990 | D:4      | Found a runed translucent door.
  4990 | D:4      | Noticed MoonlitKnight's ghost (amateur HOFi)
  5034 | D:4      | Found a sparkling altar of Nemelex Xobeh.
  5038 | D:4      | Found a white marble altar of Elyvilon.
  5038 | D:4      | Found a snail-covered altar of Cheibriados.
  5088 | D:5      | Entered Level 5 of the Dungeon
  5088 | D:5      | Noticed Blork the orc
  5405 | D:5      | Killed Blork the orc
  5405 | D:5      | Reached XP level 7. HP: 17/45 MP: 2/13
  6296 | D:5      | Reached skill level 5 in Stealth
  6296 | D:5      | HP: 2/45 [orc/+0 trident (1)]
  6296 | D:5      | Slain by a quokka

Illustrated notes

Levels and vault maps discovered:
D:1:      dpeg_arrival_short_road, layout_basic, minmay_lizard_king
D:2:      layout_basic
D:3:      layout_loops_ring, yredelemnul_altar_generic, ebering_ghost_sewer_d,
          makhleb_altar_promises_db
D:4:      layout_rooms, minitemple, minmay_temple_entry_glassed_door,
          gammafunk_ghost_grave, guppyfry_shop_venom
D:5:      layout_gridville, uniq_blork_the_orc

Skill      XL: |  1  2  3  4  5  6  7 |
---------------+----------------------+-----
Stealth        | 3 4 5 |  5.0
Fighting       | 1 2 |  2.5
Spellcasting   | 3 4 |  4.3
Conjurations   | 5 |  5.7
Dodging        | 3 |  3.3

Action                   |  1- 3 |  4- 6 |  7- 9 || total
-------------------------+-------+-------+-------++-------
Melee: Unarmed           |    24 |    41 |    30 ||    95
       Constrict         |     9 |    12 |     7 ||    28
       Tentacles         |     3 |     8 |     4 ||    15
 Cast: Magic Dart        |    82 |   126 |    42 ||   250
       Searing Ray       |       |     5 |     1 ||     6
  Use: Potion            |       |     3 |     2 ||     5
       Scroll            |       |     1 |       ||     1
Armor: Skin              |     2 |     3 |     1 ||     6
Dodge: Dodged            |    32 |    56 |    49 ||   137

Table legend: (Time is in decaauts)
 A = Elapsed time spent in this place.
 B = Non-inter-level travel time spent in this place.
 C = Inter-level travel time spent in this place.
 D = Time resting spent in this place.
 E = Time spent auto-exploring this place.
 F = Levels seen in this place.
 G = Mean time per level.
                   A        B        C        D        E       F      G
               +--------+--------+--------+--------+--------+-----+--------+
         Total |   6305 |   6147 |    158 |   1071 |   4400 |   5 | 1261.0 |
       Dungeon |   6305 |   6147 |    158 |   1071 |   4400 |   5 | 1261.0 |
               +--------+--------+--------+--------+--------+-----+--------+

Top non-repeatable levels by time:
     D:1: 1586 daAuts
     D:3: 1539 daAuts
     D:2: 1139 daAuts
     D:5: 1097 daAuts
     D:4: 942 daAuts
